 Dungeon Crawl Stone Soup version 0.28.0-53-g5a82cb258f (webtiles) character file.

Game seed: 10429489304324429707

5497 mortz the Destroyer (level 10, -12/69 HPs)
             Began as a Demigod Conjurer on July 4, 2022.
             Killed by an exploding centaur zombie (32 damage)
             ... ignited by their inner flame
             ... on level 10 of the Dungeon.
             The game lasted 01:01:10 (12494 turns).

mortz the Destroyer (Demigod Conjurer)             Turns: 12494, Time: 01:01:10

Health: -12/69     AC: 14    Str: 12    XL:     10   Next: 19%
Magic:  10/25      EV: 11    Int: 31    God:
Gold:   303        SH:  0    Dex: 12    Spells: 16/23 levels left

rFire   . . .      SeeInvis .   o - +6 scimitar {long}
rCold   . . .      Faith    .   (no shield)
rNeg    + . .      Spirit   .   q - +4 ring mail
rPois   +          Reflect  .   j - +1 hat "Poixtyin" {Fly rPois rN+ Int+3}
rElec   .          Harm     .   D - +0 cloak
rCorr   .          Rampage  .   u - +1 pair of gloves
Will    ++...                   (no boots)
Stlth   ++........              (no amulet)
HPRegen 0.21/turn               b - +4 ring of slaying
MPRegen 0.19/turn               h - ring of willpower

@: flying
A: high MP 1, forlorn, divine attributes
a: no special abilities


You were on level 10 of the Dungeon.
You visited 1 branch of the dungeon, and saw 11 of its levels.

You collected 373 gold pieces.
You spent 70 gold pieces at shops.


Innate Abilities, Weirdness & Mutations

You have an increased reservoir of magic. (+10% MP)
You shall have no god before yourself.
Your divine heritage dramatically boosts your attributes as you level up.


   Skills:
 * Level 1.3 Long Blades
 - Level 0.6 Polearms
 + Level 5.4 Armour
 + Level 3.5 Dodging
 + Level 4.0 Stealth
 + Level 7.3 Spellcasting
 + Level 8.3 Conjurations
 * Level 5.6 Translocations


You had 16 spell levels left.
You knew the following spells:

 Your Spells              Type           Power      Damage    Failure   Level
a - Magic Dart            Conj           100%       1d8       1%          1
b - Searing Ray           Conj           100%       2d8       1%          2
c - Iskenderun's Mystic   Conj/Tloc      53%        2d11      4%          4

Your spell library contained the following spells:

 Spells                   Type           Power      Damage    Failure   Level
 Dazzling Flash           Conj/Hex       74%        N/A       4%          3
 Mephitic Cloud           Conj/Pois/Air  28%        N/A       9%          3
 Fulminant Prism          Conj/Hex       18%        3d11      16%         4
 Frozen Ramparts          Ice            22%        1d4       26%         3
 Ignite Poison            Fire/Tmut/Pois 11%        N/A       26%         3
 Ozocubu's Armour         Ice            11%        N/A       26%         3
 Tukima's Dance           Hex            11%        N/A       26%         3
 Freezing Cloud           Conj/Ice/Air   14%        6-21      61%         5
 Anguish                  Hex/Necr       5%         N/A       65%         4
 Ice Form                 Ice/Tmut       11%        N/A       65%         4
 Petrify                  Tmut/Erth      11%        N/A       65%         4
 Summon Ice Beast         Ice/Summ       11%        N/A       65%         4
 Metabolic Englaciation   Hex/Ice        5%         N/A       94%         5
 Summon Mana Viper        Hex/Summ       11%        N/A       94%         5
 Statue Form              Tmut/Erth      7%         N/A       100%        6
 Enfeeble                 Hex            5%         N/A       100%        7
 Monstrous Menagerie      Summ           5%         N/A       100%        7
 Ozocubu's Refrigeration  Ice            5%         4d6       100%        7

Inventory:

Hand Weapons
 d - a +4 dagger {short}
   (You took it off a wight on level 8 of the Dungeon)
 l - a +2 falchion of flaming {long}
   (You took it off an orc on level 7 of the Dungeon)
 n - a +2 trident of venom {polearm}
   (You took it off Robin on level 3 of the Dungeon)
 o - a +6 scimitar (weapon) {long}
   (You took it off a wight on level 8 of the Dungeon)
 v - a +2 short sword of venom {short}
   (You took it off an orc on level 4 of the Dungeon)
 w - a +2 morningstar of freezing {mace}
   (You took it off a wight on level 8 of the Dungeon)
 y - a +0 spear of freezing {polearm}
   (You took it off a wight on level 8 of the Dungeon)
 A - a +1 scimitar {long}
   (You took it off a wight on level 8 of the Dungeon)
 E - a +5 halberd {polearm}
   (You took it off a gnoll on level 5 of the Dungeon)
 H - a +4 hand axe {axe}
   (You took it off a wight on level 8 of the Dungeon)
 J - a +3 flail {mace}
   (You took it off a wight on level 8 of the Dungeon)
 K - a +2 flail {mace}
   (You took it off a wight on level 8 of the Dungeon)
 L - a +2 vorpal scimitar {long}
   (You took it off a wight on level 8 of the Dungeon)
Missiles
 g - a curare-tipped dart {=fthrowing}
 k - 15 poisoned darts {throwing}
Armour
 j - the +1 hat "Poixtyin" (worn) {Fly rPois rN+ Int+3}
   (You acquired it on level 6 of the Dungeon)

   Int:       It affects your intelligence (+3).
   rPois:     It protects you from poison.
   rN:        It protects you from negative energy.
   Fly:       It grants you flight.
 m - a scarf of invisibility
   (You found it on level 7 of the Dungeon)
 q - a +4 ring mail (worn)
   (You took it off an orc on level 4 of the Dungeon)
 u - a +1 pair of gloves (worn)
   (You found it on level 4 of the Dungeon)
 D - a +0 cloak (worn)
   (You found it on level 8 of the Dungeon)
 G - a +1 robe of resistance
   (You took it off a wight on level 8 of the Dungeon)
Jewellery
 b - a +4 ring of slaying (left hand)
   (You took it off an orc wizard on level 4 of the Dungeon)
 h - a ring of willpower (right hand)
   (You found it on level 8 of the Dungeon)
Wands
 a - a wand of iceblast (9)
   (You took it off an orc wizard on level 8 of the Dungeon)
 r - a wand of mindburst (10)
   (You found it on level 7 of the Dungeon)
 I - a wand of paralysis (7)
   (You took it off a wight on level 8 of the Dungeon)
Scrolls
 f - a scroll of teleportation {@r4}
 z - a scroll of fog
 F - a scroll of identify {@r1}
Potions
 c - 5 potions of curing {@q1}
 e - 4 potions of brilliance
 i - 4 potions of lignification {!q}
 p - 2 potions of mutation {unknown}
 t - 4 potions of attraction {!q}
 x - a potion of haste {unknown}
 B - a potion of resistance {unknown}
 C - a potion of cancellation {unknown}
 M - 2 potions of heal wounds {unknown}
 N - 2 potions of ambrosia {unknown}

Dungeon Overview and Level Annotations

Branches:
Dungeon (11/15)            Temple (0/1) D:7
   Lair: D:8-11         Orc: D:9-12

Shops:
D:7 *

Annotations:
D:2 exclusion: necrophage
D:6 exclusion: downstairs

##################
........g.§§○○§@§#
.#####.########○#
#. #.# §# #.# #.#
.# #.# #.# .# #.#
#V# .# #.# #g# .#
##.#####.###### .#
....g..Wg!......


You could see a gnoll.


Message History

😮 MP[+1]
A gnoll comes into view. It is wielding a +0 whip.
The gnoll hits you but does no damage.
The gnoll moves out of view.
There is a stone staircase leading down here. 😮 HP[+1] 😮 MP[+1]
The gnoll hits you with a +0 flail.
* * * LOW HITPOINT WARNING * * *
😨 HP[-5]
You take 5 damage, and now have 34/69 hp. 😮 HP[+1]
A yak comes into view. 😮 MP[+1] 😮 HP[+1]
The gnoll shouts!
The gnoll hits you but does no damage. The gnoll barely misses you.
The gnoll hits you with a +0 whip!
* * * LOW HITPOINT WARNING * * *
😨 HP[-7] MP[+1]
You take 7 damage, and now have 29/69 hp. 😨 HP[+1]
A shadow comes into view. 😨 MP[+1]
The shadow slips into darkness.
The shadow flickers and vanishes! 😨 HP[+1]
The shadow strikes at you from the darkness!
* * * LOW HITPOINT WARNING * * *
Reactivating autopickup. 😨 HP[-11] MP[+1]
You take 11 damage, and now have 20/69 hp. 😨 HP[+1] 😨 MP[+1]
The shadow slips into darkness.
The shadow flickers and vanishes!
Deactivating autopickup; reactivate with Ctrl-A. 😨 HP[+1]
A vampire appears from thin air!
Reactivating autopickup. 😨 HP[+1] MP[+1]
The vampire gestures wildly while chanting.
The vampire flickers and vanishes!
Deactivating autopickup; reactivate with Ctrl-A.
A centaur zombie comes into view.
The gnoll hits you but does no damage.
You barely miss the centaur zombie.
The centaur zombie completely misses you.
The centaur zombie kicks you but does no damage.
The gnoll misses you. The centaur zombie barely misses you.
The centaur zombie kicks you.
* * * LOW HITPOINT WARNING * * *
😨 MP[+1] Really read
s - a scroll of immolation {!r!r}?
Really read the scroll of immolation?
As you read the scroll of immolation {!r!r}, it crumbles to dust.
The creatures around you are filled with an inner flame!
The gnoll closely misses you. The centaur zombie closely misses you.
The centaur zombie barely misses you.
Casting: Iskenderun's Mystic Blast (dangerous; 5% risk of failure)
Confirm with . or Enter, or press ? or * to list all spells.
Okay, then.
Casting: Iskenderun's Mystic Blast (dangerous; 5% risk of failure)
Confirm with . or Enter, or press ? or * to list all spells.
You erupt in a blast of force!
The mystic blast hits something!
Flame seeps out of something.
The mystic blast hits the centaur zombie!
Flame seeps out of the centaur zombie.
The centaur zombie is knocked back by the mystic blast.
The centaur zombie slams into the rock wall!
Flame seeps out of the centaur zombie.
The mystic blast hits the gnoll!
The gnoll explodes!
The fiery explosion engulfs something!!
Reactivating autopickup.
You feel a bit more experienced. The fiery explosion engulfs you.
* * * LOW HITPOINT WARNING * * *
The shadow explodes!
The fiery explosion engulfs something!!
Flame seeps out of something.
You feel a bit more experienced.
The vampire explodes!
The fiery explosion engulfs the gnoll!!
The gnoll explodes!
The centaur zombie is engulfed in blazing flames.
Flame seeps out of the centaur zombie.
The centaur zombie hits you but does no damage.
The centaur zombie barely misses you.
Your Long Blades skill increases to level 1! 😨 HP[-3] MP[-4]
You take 3 damage, and now have 20/69 hp.
You lost 4 mp, and now have 12/25 mp.
Casting: Iskenderun's Mystic Blast (dangerous; 4% risk of failure)
Confirm with . or Enter, or press ? or * to list all spells.
Aiming: Searing Ray (safe; 1% risk of failure)
Press: ? - help, Shift-Dir - straight line, f - centaur zombie
Aim: a centaur zombie (flame, almost destroyed, inner flame, 100% to hit)
The searing ray hits the centaur zombie! (Press . to maintain the ray.)
The centaur zombie explodes!
The fiery explosion engulfs you!!
You die...

Skill      XL: |  1  2  3  4  5  6  7  8  9 10 |
---------------+-------------------------------+-----
Stealth        | 2 3 4 |  4.0
Dodging        | 2 3 |  3.5
Spellcasting   | 2 3 4 5 7 |  7.3
Conjurations   | 4 5 6 7 8 |  8.3
Translocations | 1 2 3 5 |  5.6
Armour         | 1 2 4 5 |  5.4
Long Blades    | 1 |  1.3
Polearms       | |  0.6

Action                   |  1- 3 |  4- 6 |  7- 9 | 10-12 || total
-------------------------+-------+-------+-------+-------++-------
Melee: Unarmed           |     8 |       |       |       ||     8
       Trident           |       |     8 |       |       ||     8
       Halberd           |       |       |     3 |       ||     3
       Scimitar          |       |       |       |     1 ||     1
 Cast: Magic Dart        |    67 |    63 |   126 |     7 ||   263
       Searing Ray       |    20 |    38 |    92 |     6 ||   156
       Iskenderun's Myst |       |       |    14 |    12 ||    26
  Use: Scroll            |       |       |    21 |     2 ||    23
Armor: Robe              |     3 |     7 |       |       ||    10
       Ring mail         |       |     4 |    40 |    25 ||    69
Dodge: Dodged            |     8 |    25 |    40 |    17 ||    90

Levels and vault maps discovered:
D:1:      minmay_arrival_doors, layout_basic,
          hellmonk_ecumenical_altar_crossroads, minmay_stone_trees_small
D:2:      layout_basic
D:3:      layout_rooms, minmay_misc_feat_tiny, uniq_robin, uniq_natasha
D:4:      layout_basic, worldfamousw_hep_ancestral_shrine,
          okawaru_metal_pillars_3, general_overflow_altar, serial_undead,
          serial_undead_b, serial_undead_f, serial_undead_b, serial_undead_c,
          grunt_ministairs_5, hangedman_decor_riveting, serial_park_tiny_pond,
          item_on_display_a
D:5:      minmay_bubble_buster, layout_layer_cave,
          chequers_serial_rivers_small_a
D:6:      layout_loops_ring, evilmike_ruin_ashenzari,
          hangedman_abyss_or_decor_lesser_grid
D:7:      layout_basic, nicolae_overflow_squiral, minmay_temple_entry_junction,
          serial_shops, nicolae_shop_temple_entry_statues_fountains
D:8:      layout_rooms, minivault_27, uniq_maurice
D:9:      layout_roguey, nicolae_dithmenos_shadow_blocks, uniq_psyche
D:10:     layout_small_grid, chequers_temple_overflow_statue_of_worship,
          uniq_joseph
D:11:     layout_roguey, due_lair_maze_entry_diamond, gauntlet_entry_generic,
          uniq_urug

Notes
Turn   | Place    | Note
-------+----------+-------------------------------------------
     0 | D:1      | mortz the Demigod Conjurer began the quest for the Orb.
     0 | D:1      | Reached XP level 1. HP: 14/14 MP: 5/5
     0 | D:1      | magus.rc [v1.9.6]
   245 | D:1      | Reached skill level 2 in Stealth
   277 | D:1      | Reached skill level 2 in Dodging
   397 | D:1      | Reached XP level 2. HP: 20/20 MP: 5/7
   402 | D:1      | Learned a level 2 spell: Searing Ray
   445 | D:1      | Reached skill level 2 in Spellcasting
  1020 | D:2      | Reached XP level 3. HP: 26/26 MP: 1/8
  1708 | D:2      | Noticed a necrophage
  1768 | D:2      | Reached skill level 4 in Conjurations
  2692 | D:3      | Noticed Robin
  2696 | D:3      | Killed Robin
  2697 | D:3      | Reached XP level 4. HP: 33/33 MP: 4/10
  2974 | D:3      | Noticed Natasha
  3039 | D:3      | Killed Natasha
  3166 | D:3      | You add the spells Ignite Poison, Mephitic Cloud and
                  | Freezing Cloud to your library.
  3184 | D:3      | Noticed Natasha
  3268 | D:3      | Killed Natasha
  3269 | D:3      | Reached skill level 3 in Stealth
  3269 | D:3      | Reached XP level 5. HP: 38/38 MP: 5/12
  3334 | D:3      | Noticed Natasha
  3409 | D:3      | Killed Natasha
  3452 | D:3      | You add the spells Ozocubu's Armour and Ozocubu's
                  | Refrigeration to your library.
  3694 | D:4      | Reached skill level 1 in Translocations
  3756 | D:4      | Reached skill level 3 in Spellcasting
  3864 | D:4      | Noticed an ogre
  4043 | D:4      | Reached XP level 6. HP: 44/45 MP: 3/14
  4218 | D:4      | Reached skill level 5 in Conjurations
  4518 | D:4      | Reached skill level 1 in Armour
  4518 | D:4      | Reached skill level 2 in Translocations
  4834 | D:4      | Reached XP level 7. HP: 50/50 MP: 4/16
  5447 | D:4      | Reached skill level 4 in Spellcasting
  5519 | D:5      | Entered Level 5 of the Dungeon
  5697 | D:5      | Reached skill level 2 in Armour
  6256 | D:5      | Reached skill level 3 in Dodging
  6354 | D:5      | Reached skill level 6 in Conjurations
  6354 | D:5      | Reached XP level 8. HP: 57/57 MP: 10/18
  6693 | D:5      | Reached skill level 3 in Armour
  6728 | D:5      | Reached skill level 3 in Translocations
  7036 | D:5      | Reached skill level 5 in Spellcasting
  7213 | D:5      | You pick up a book of Rime and begin reading...
  7213 | D:5      | You add the spells Frozen Ramparts, Ice Form and Summon Ice
                  | Beast to your library.
  7222 | D:5      | You pick up a book of Sloth and begin reading...
  7222 | D:5      | You add the spells Petrify, Metabolic Englaciation and
                  | Statue Form to your library.
  7854 | D:6      | Reached skill level 4 in Armour
  8165 | D:6      | You pick up a book of Beasts and begin reading...
  8165 | D:6      | You add the spells Summon Mana Viper and Monstrous
                  | Menagerie to your library.
  8309 | D:6      | Reached skill level 7 in Conjurations
  8420 | D:6      | Reached XP level 9. HP: 62/62 MP: 15/21
  8425 | D:6      | Learned a level 4 spell: Iskenderun's Mystic Blast
  8604 | D:6      | Identified a scroll of acquirement
  8604 | D:6      | Acquired the +1 hat "Poixtyin" {Fly rPois rN+ Int+3}
  8710 | D:7      | Reached skill level 4 in Translocations
  9052 | D:7      | Found a staircase to the Ecumenical Temple.
  9226 | D:6      | Reached skill level 6 in Spellcasting
  9334 | D:6      | magus.rc [v1.9.6]
  9502 | D:7      | Found Liblaez's General Store.
  9510 | D:7      | Bought a potion of curing for 42 gold pieces
  9510 | D:7      | Bought a scroll of identify for 28 gold pieces
  9874 | D:7      | You pick up a book of Maledictions and begin reading...
  9874 | D:7      | You add the spells Tukima's Dance, Anguish and Enfeeble to
                  | your library.
 10248 | D:8      | Reached skill level 5 in Armour
 10632 | D:8      | Noticed Maurice
 10916 | D:7      | magus.rc [v1.9.6]
 10931 | D:8      | Killed Maurice
 10931 | D:8      | HP: 15/62 [poisoned by Maurice]
 10932 | D:8      | Reached skill level 5 in Translocations
 11290 | D:8      | Reached skill level 4 in Stealth
 11290 | D:8      | Reached skill level 8 in Conjurations
 11589 | D:8      | Reached skill level 7 in Spellcasting
 11696 | D:8      | Reached XP level 10. HP: 54/69 MP: 11/24
 12171 | D:8      | magus.rc [v1.9.6]
 12275 | D:9      | You are sucked into a shaft and drop 2 floors!
 12296 | D:10     | Entered Level 10 of the Dungeon
 12494 | D:10     | Reached skill level 1 in Long Blades
 12494 | D:10     | Killed by an exploding centaur zombie... ignited by their
                  | inner flame

Vanquished Creatures
  Maurice (D:8)
  An unseen horror (D:10)
  A vampire (D:10)
  A shadow (D:10)
  3 water moccasins
  3 sky beasts
  4 orc warriors
  3 ice beasts
  2 necrophages (D:6)
  5 ogres
  3 centaurs
  A kobold brigand (D:6)
  A wyvern zombie (D:8)
  A scorpion (D:4)
  3 water moccasin zombies
  3 water moccasin skeletons
  15 wights (D:8)
  An electric eel (D:7)
  5 centaur zombies
  A bullfrog zombie (D:6)
  2 jellies (D:5)
  A gnoll shaman (D:7)
  2 bullfrog skeletons
  4 hounds
  2 orc priests
  3 centaur skeletons
  Natasha (thrice) (D:3)
  2 iguanas (D:5)
  2 scorpion zombies (D:4)
  6 orc wizards
  A hound zombie (D:4)
  A hound skeleton (D:4)
  Robin (D:3)
  14 gnolls
  A howler monkey zombie (D:5)
  9 adders
  2 shadow imps (D:7)
  2 white imps (D:5)
  An ufetubus (D:5)
  An adder skeleton (D:4)
  21 orcs
  4 endoplasms
  5 giant cockroaches
  19 goblins
  6 hobgoblins
  10 jackals
  4 quokkas
  11 ball pythons
  6 bats
  A frilled lizard (D:1)
  A jackal zombie (D:4)
  13 kobolds
  8 rats
227 creatures vanquished.

Vanquished Creatures (others)
  13 fungi (D:11)
  15 plants (D:11)
  5 withered plants (D:4)
33 creatures vanquished.

Grand Total: 260 creatures vanquished

Table legend:
 A = Non-vault XP
 B = Vault XP
 C = Vault XP percentage of total XP
 D = Non-vault monster count
 E = Vault monster count
 F = Vault count percentage of total count
                 A         B        C        D         E       F
            +---------+---------+-------+---------+---------+-------
      Total |    6130 |    1766 |  22.4 |     184 |      43 |  18.9
            +---------+---------+-------+---------+---------+-------
        D:1 |      38 |       0 |   0.0 |      25 |       0 |   0.0
        D:2 |      67 |       0 |   0.0 |      25 |       0 |   0.0
        D:3 |     105 |      74 |  41.3 |      17 |      13 |  43.3
        D:4 |     428 |     428 |  50.0 |      22 |      13 |  37.1
        D:5 |     710 |     732 |  50.8 |      14 |      16 |  53.3
        D:6 |    1019 |       0 |   0.0 |      14 |       0 |   0.0
        D:7 |    1189 |       0 |   0.0 |      28 |       0 |   0.0
        D:8 |    1473 |     532 |  26.5 |      31 |       1 |   3.1
        D:9 |     188 |       0 |   0.0 |       2 |       0 |   0.0
       D:10 |     913 |       0 |   0.0 |       6 |       0 |   0.0
            +---------+---------+-------+---------+---------+-------

Illustrated notes

Table legend:
 A = Kills in this place as a percentage of kills in entire the game.
 B = Kills by you in this place as a percentage of kills by you in the entire game.
 C = Kills by friends in this place as a percentage of kills by friends in the entire game.
 D = Other kills in this place as a percentage of other kills in the entire game.
 E = Experience gained in this place as a percentage of experience gained in the entire game.
 F = Experience gained in this place divided by the number of levels of this place that you have seen.
                   A       B       C       D       E      F
               +-------+-------+-------+-------+-------+----------------------
         Total | 100.0 | 100.0 |   N/A |   N/A | 100.0 | 717.8
       Dungeon | 100.0 | 100.0 |   N/A |   N/A | 100.0 | 717.8
               +-------+-------+-------+-------+-------+----------------------

Table legend: (Time is in decaauts)
 A = Elapsed time spent in this place.
 B = Non-inter-level travel time spent in this place.
 C = Inter-level travel time spent in this place.
 D = Time resting spent in this place.
 E = Time spent auto-exploring this place.
 F = Levels seen in this place.
 G = Mean time per level.
                   A        B        C        D        E       F      G
               +--------+--------+--------+--------+--------+-----+--------+
         Total |  12505 |  12318 |    187 |      0 |  10442 |  11 | 1136.8 |
       Dungeon |  12505 |  12318 |    187 |      0 |  10442 |  11 | 1136.8 |
               +--------+--------+--------+--------+--------+-----+--------+

Top non-repeatable levels by time:
     D:5: 2093 daAuts
     D:7: 1861 daAuts
     D:2: 1753 daAuts
     D:4: 1701 daAuts
     D:8: 1506 daAuts
     D:6: 1198 daAuts
     D:3: 1054 daAuts
     D:1: 1014 daAuts
    D:10: 198 daAuts
     D:9: 102 daAuts
    D:11: 20 daAuts
